 Dungeon Crawl Stone Soup version 0.30.1-11-g7821555f0a (webtiles) character file.

Game seed: 6480986244184945704

67 fireball365 the Trooper (level 4, -6/40 HPs)
             Began as a Hill Orc Fighter on Nov 23, 2023.
             Succumbed to a goblin's poison
             ... on level 2 of the Dungeon.
             The game lasted 00:02:44 (1317 turns).

fireball365 the Trooper (Hill Orc Fighter)          Turns: 1317, Time: 00:02:45

Health: -6/40      AC: 14    Str: 20    XL:     4   Next: 16%
Magic:  4/4        EV:  5    Int:  8    God:
Gold:   127        SH:  4    Dex: 10    Spells: 3/3 levels left

rFire   . . .        a - +0 war axe
rCold   . . .        c - +0 buckler
rNeg    . . .        k - +0 plate armour
rPois   .            (no helmet)
rElec   .            j - +0 cloak
rCorr   .            i - +0 pair of gloves
SInv    .            (no boots)
Will    .....        (no amulet) Stlth
                     (no ring)
HPRegen 0.26/turn    (no ring)
MPRegen 0.09/turn

%: no passive effects
@: lethally poisoned (-6 -> -39)
A: no striking features
a: no special abilities


You were on level 2 of the Dungeon.
You visited 1 branch of the dungeon, and saw 2 of its levels.

You collected 127 gold pieces.

Inventory:

Hand Weapons
 a - a +0 war axe (weapon)
Armour
 b - a +0 scale mail
 c - a +0 buckler (worn)
 g - a +0 chain mail
 i - a +0 pair of gloves (worn)
 j - a +0 cloak (worn)
 k - a +0 plate armour (worn)
Jewellery
 o - a ring of ice
Scrolls
 f - a scroll of teleportation
 m - a scroll of magic mapping {unknown}
 p - a scroll of vulnerability {unknown}
 r - a scroll of identify {unknown}
Potions
 d - 2 potions of might
 e - a potion of curing {unknown}
 h - a potion of heal wounds {unknown}
 l - a potion of haste {unknown}
 n - a potion of attraction {unknown}
 q - 3 potions of degeneration {unknown}
 s - a potion of cancellation {unknown}
 t - a potion of mutation {unknown}


   Skills:
 + Level 4.2 Fighting
 + Level 4.0 Axes
 + Level 3.7 Armour
 + Level 0.6 Dodging
 + Level 3.7 Shields


You had 3 spell levels left.
You didn't know any spells.
Your spell library contained the following spells:

 Spells                   Type           Power      Damage    Failure   Level
 Slow                     Hex            0%         N/A       100%        1
 Confusing Touch          Hex            0%         N/A       100%        3
 Vampiric Draining        Necr           0%         2d6       100%        3
 Summon Forest            Summ/Tloc      0%         N/A       100%        5
 Summon Mana Viper        Hex/Summ       0%         N/A       100%        5
 Summon Cactus Giant      Summ           0%         N/A       100%        6


Dungeon Overview and Level Annotations

Branches:
Dungeon (2/15)

Altars:


Message History

The rat twitches its whiskers.
You closely miss the rat. The rat barely misses you.
You hit the rat.
You kill the rat!
You closely miss the goblin.
The goblin unwields a +0 sling.
The goblin wields a +0 dagger of venom.
It begins to drip with poison!
The goblin hits you but does no damage.
You are poisoned.
Your Axes skill increases to level 4!
You feel very sick. The goblin hits you but does no damage.
You are more poisoned.
You barely miss the goblin.
You feel very sick. You block the goblin's attack.
You closely miss the goblin.
You feel very sick.
The goblin hits you but does no damage. x2
You are more poisoned.
You closely miss the goblin.
You feel very sick. The goblin hits you but does no damage.
You are lethally poisoned!
You hit the goblin.
The goblin is moderately wounded.
* * * LOW HITPOINT WARNING * * *
You feel extremely sick. The goblin hits you but does no damage.
You are more poisoned.
You closely miss the goblin.
The goblin is moderately wounded.
* * * LOW HITPOINT WARNING * * *
You feel extremely sick. The goblin hits you but does no damage.
You are more poisoned.
The goblin hits you but does no damage.
You are more poisoned.
You hit the goblin.
You kill the goblin!
You die...

#..# .##
#..# ...
#..##..#
##...#..#
.......
#.####....#
#........##
#@).#
#.#...# #.#
### #.# #.#
#.# #.#
########
###.###
#.^....#
#.....#


There were no monsters in sight!

Vanquished Creatures
  2 worms (D:2)
  4 dart slugs (D:1)
  3 ball pythons
  6 bats
  3 endoplasms
  A giant cockroach (D:1)
  6 goblins
  A hobgoblin (D:1)
  6 jackals
  2 quokkas
  4 frilled lizards
  7 kobolds
  6 rats
51 creatures vanquished.

Notes
Turn   | Place    | Note
-------+----------+-------------------------------------------
     0 | D:1      | fireball365 the Hill Orc Fighter began the quest for the
                  | Orb.
     0 | D:1      | Reached XP level 1. HP: 19/19 MP: 1/1
   143 | D:1      | Reached XP level 2. HP: 27/27 MP: 2/2
   328 | D:1      | Reached XP level 3. HP: 26/33 MP: 3/3
   958 | D:2      | Reached XP level 4. HP: 40/40 MP: 4/4
  1098 | D:2      | Found a faded altar of an unknown god.
  1317 | D:2      | Succumbed to a goblin's poison

Illustrated notes

Levels and vault maps discovered:
D:1:      minmay_arrival_radiant_lines, layout_rooms
D:2:      layout_loops_corners, ebering_ecumenical_altar_box, basic_altar,
          skrybe_limestone_x

Skill      XL: |  1  2  3  4 |
---------------+-------------+-----
Axes           | 3 4 |  4.0
Fighting       | 4 |  4.2
Armour         | |  3.7
Dodging        | |  0.6
Shields        | |  3.7

Action                     |  1- 3 |  4- 6 || total
---------------------------+-------+-------++-------
  Melee: War axe           |   118 |    23 ||   141
    Use: Scroll            |     1 |       ||     1
 Armour: Scale mail        |    74 |       ||    74
         Plate armour      |    39 |    22 ||    61
  Dodge: Dodged            |    96 |     7 ||   103
  Block: Buckler           |    47 |     3 ||    50
